 Dungeon Crawl Stone Soup version 0.29-a0-6-ga859fcf985 (webtiles) character file.

Game seed: 14171457005181193626

469 Grim the Basher (level 6, -8/76 HPs)
             Began as a Minotaur Berserker on Jan 27, 2022.
             Was a Priest of Trog.
             Mangled by a two-headed ogre (20 damage)
             ... on level 4 of the Dungeon.
             The game lasted 00:04:54 (3694 turns).

Grim the Basher (Minotaur Berserker)                Turns: 3694, Time: 00:04:55

Health: -8/76      AC:  6    Str: 21    XL:     6   Next: 82%
Magic:  5/5        EV: 11    Int:  6    God:    Trog [***...]
Gold:   170        SH:  0    Dex: 10    Spells: 5/5 levels left

rFire   . . .      SeeInvis .   a - +0 mace
rCold   + . .      Faith    .   (no shield)
rNeg    . . .      Spirit   .   e - +0 ring mail
rPois   .          Reflect  .   (helmet restricted)
rElec   .          Harm     .   (no cloak)
rCorr   .          Rampage  .   l - +0 pair of gloves
Will    .....                   (no boots)
Stlth   ..........              (no amulet)
HPRegen 0.22/turn               g - ring of protection from cold
MPRegen 0.09/turn               (no ring)

@: berserking, very quick
A: horns 2, retaliatory headbutt
a: Renounce Religion, Berserk, Trog's Hand


You were on level 4 of the Dungeon.
You worshipped Trog.
Trog was most pleased with you.
You visited 1 branch of the dungeon, and saw 5 of its levels.

You collected 170 gold pieces.

Inventory:

Hand Weapons
 a - a +0 mace (weapon)
Missiles
 n - 124 stones (quivered)
 t - 5 atropa-tipped darts
 u - 3 boomerangs
Armour
 b - a +0 animal skin
 e - a +0 ring mail (worn)
 l - a +0 pair of gloves (worn)
Jewellery
 g - a ring of protection from cold (left hand)
 p - a ring of ice
Scrolls
 c - 4 scrolls of identify {unknown}
 f - a scroll of enchant weapon {unknown}
 h - a scroll of brand weapon {unknown}
 i - a scroll of fear {unknown}
 j - a scroll of summoning {unknown}
 m - 2 scrolls of teleportation {unknown}
 o - a scroll of magic mapping {unknown}
 r - 2 scrolls of immolation {unknown}
 s - a scroll of silence {unknown}
 v - a scroll of blinking {unknown}
Potions
 d - 2 potions of curing {unknown}
 k - a potion of brilliance {unknown}
 q - a potion of lignification {unknown}


   Skills:
 - Level 3.6 Fighting
 + Level 9.4 Maces & Flails
 - Level 2.4 Armour
 - Level 2.1 Dodging


You had 5 spell levels left.
You didn't know any spells.
Your spell library was empty.

Dungeon Overview and Level Annotations

Branches:
Dungeon (5/15)
 Temple: D:4-7

Altars:

Shops:
D:3 [


Innate Abilities, Weirdness & Mutations

You have a pair of horns on your head.
You reflexively headbutt those who attack you in melee.


Message History

You barely miss the goblin. The goblin closely misses you.
You sock the goblin!
You kill the goblin!
Trog accepts your kill.
No target in view!
You see here a +0 club.
Found a stone staircase leading down.
There is a stone staircase leading down here.
Done exploring.
Done exploring.
Done exploring.
(D) Dungeon
Where to? (Enter - D:4, ? - help)
There is a stone staircase leading down here.
You climb downwards.
The two-headed ogre shouts in stereo!
You hear a shout!
You hear an angry hiss.
You hear a shout!
Found 22 stones.
There is a stone staircase leading up here.
There are monsters nearby!
You climb upwards.
There is a stone staircase leading down here.
A red film seems to cover your vision as you go berserk!
You feel yourself moving faster!
You feel mighty!
The two-headed ogre hits you with a +0 giant club!!
The two-headed ogre hits you with a +0 giant club!
* * * LOW HITPOINT WARNING * * *
You hit the two-headed ogre. You headbutt the two-headed ogre.
The two-headed ogre is lightly wounded.
The two-headed ogre hits you with a +0 giant club!!
* * * LOW HITPOINT WARNING * * *
The two-headed ogre hits you but does no damage.
You are too injured to fight recklessly!
You are too injured to fight recklessly!
You barely miss the two-headed ogre.
The two-headed ogre is lightly wounded.
You sock the two-headed ogre! You headbutt the two-headed ogre!
The two-headed ogre is heavily wounded.
The two-headed ogre hits you with a +0 giant club!!
You die...

########.≈.≈.≈.#.##########
#......#..≈.≈..#...†.))....
#.######...≈...#..##.####..
######..##
#.......#.........##
#........#
####+####..#.....##
#.#####..#####
#.##....#..##.# #.# #......#
#.##...##..##.## #.#
###.####.###O##...........##
#)# #...#
#.##@#.#..###..####.. #.#
#.### #.#.###...# #..# #.#
##.# #.# #..## ##..###..#
##.# ...# #.#
#.#.###..#.....###... ####
#.# #.##.#.#............. #
#.######.###.##.........#...
#
#.[............#.....##.##.#
#
########.###.#.##...###<##.#
# #.###.#.###.## #.##.#


You could see a two-headed ogre.

Vanquished Creatures
  Menkaure (D:4)
  A bullfrog zombie (D:3)
  An orc priest (D:4)
  A jelly (D:4)
  A bullfrog skeleton (D:4)
  2 iguanas (D:4)
  An orc wizard (D:4)
  4 adders
  A worm (D:2)
  14 orcs
  5 ball pythons
  9 endoplasms
  6 giant cockroaches
  12 goblins
  7 hobgoblins
  12 jackals
  4 quokkas
  7 bats
  5 frilled lizards
  5 kobolds
  A quokka skeleton (D:4)
  5 rats
105 creatures vanquished.

Notes
Turn   | Place    | Note
-------+----------+-------------------------------------------
     0 | D:1      | Grim the Minotaur Berserker began the quest for the Orb.
     0 | D:1      | Reached XP level 1. HP: 19/19 MP: 0/0
    75 | D:1      | Reached skill level 4 in Maces & Flails
   140 | D:1      | Reached XP level 2. HP: 26/26 MP: 1/1
   328 | D:1      | Reached skill level 5 in Maces & Flails
   330 | D:1      | Reached ** piety under Trog
   337 | D:1      | Reached XP level 3. HP: 20/31 MP: 2/2
   683 | D:1      | Found a faded altar of an unknown god.
  1147 | D:2      | You fall into a shaft and drop 1 floor!
  1160 | D:3      | Reached XP level 4. HP: 39/39 MP: 3/3
  1214 | D:3      | Reached skill level 6 in Maces & Flails
  1416 | D:3      | Reached *** piety under Trog
  1546 | D:3      | Found Bulih's Armour Shop.
  1765 | D:3      | Reached skill level 7 in Maces & Flails
  1765 | D:3      | Reached XP level 5. HP: 45/45 MP: 4/4
  2457 | D:4      | Noticed Menkaure
  2480 | D:4      | Killed Menkaure
  2481 | D:4      | Reached skill level 8 in Maces & Flails
  2481 | D:4      | Reached XP level 6. HP: 51/51 MP: 5/5
  3317 | D:4      | Reached skill level 9 in Maces & Flails
  3687 | D:5      | Entered Level 5 of the Dungeon
  3687 | D:5      | Noticed a two-headed ogre
  3694 | D:4      | Mangled by a two-headed ogre

Illustrated notes

Levels and vault maps discovered:
D:1:      onia_arrival_pyramid, layout_rooms, hellmonk_ecumenical_altar_run_dry,
          minmay_hedge_maze
D:2:      layout_rooms
D:3:      layout_basic, serial_shops, nicolae_shop_trees, kennysheep_crisscross
D:4:      layout_loops_ring, kennysheep_generic_room_10, uniq_menkaure
D:5:      layout_cave_pools, kennysheep_flooded_box, nrook_mini_vaults,
          uniq_eustachio

Skill      XL: |  1  2  3  4  5  6 |
---------------+-------------------+-----
Maces & Flails | 4 5 7 8 9 |  9.4
Fighting       | |  3.6
Armour         | |  2.4
Dodging        | |  2.1

Action                   |  1- 3 |  4- 6 || total
-------------------------+-------+-------++-------
Melee: Mace              |   100 |   131 ||   231
       Headbutt          |    13 |    19 ||    32
       Punch             |       |     1 ||     1
Invok: Berserk           |       |     2 ||     2
Armor: Animal skin       |    11 |       ||    11
       Ring mail         |    30 |    29 ||    59
Dodge: Dodged            |    69 |    56 ||   125

Table legend: (Time is in decaauts)
 A = Elapsed time spent in this place.
 B = Non-inter-level travel time spent in this place.
 C = Inter-level travel time spent in this place.
 D = Time resting spent in this place.
 E = Time spent auto-exploring this place.
 F = Levels seen in this place.
 G = Mean time per level.
                   A        B        C        D        E       F      G
               +--------+--------+--------+--------+--------+-----+--------+
         Total |   3722 |   3472 |    250 |    730 |   2153 |   5 |  744.4 |
       Dungeon |   3722 |   3472 |    250 |    730 |   2153 |   5 |  744.4 |
               +--------+--------+--------+--------+--------+-----+--------+

Top non-repeatable levels by time:
     D:4: 1236 daAuts
     D:1: 936 daAuts
     D:3: 875 daAuts
     D:2: 671 daAuts
     D:5: 2 daAuts
